 Dungeon Crawl Stone Soup version 0.17-a0-915-g8914353 (webtiles) character file.

38766 inmateoo the Peltast (level 14, -13/91 HPs)
             Began as a Gargoyle Monk on May 4, 2015.
             Was the Champion of Cheibriados.
             Killed from afar by a fire giant (59 damage)
             ... with a fireball
             ... on level 15 of the Dungeon.
             The game lasted 00:43:27 (17646 turns).

inmateoo the Peltast (Gargoyle Monk)               Turns: 17646, Time: 00:43:27

Health: -13/91     AC: 26    Str: 31    XL:     14   Next: 3%
Magic:  30/30      EV: 17    Int: 35    God:    Cheibriados [******]
Gold:   749        SH: 12    Dex: 28    Spells: 4 memorised, 14 levels left

rFire  . . .     SeeInvis +       - Unarmed
rCold  . . .     Clarity  +     r - +5 scale mail of the Armoured One {rElec Int+4}
rNeg   + . .     SustAb   .     e - +1 buckler
rPois  ∞         Gourm    .     (helmet restricted)
rElec  +         Spirit   .     g - +2 cloak
rCorr  .         Warding  .     m - +0 pair of gloves
rMut   .         Stasis   .     c - +2 pair of boots {Stlth+}
MR     ++...                    (no amulet)
Stlth  +++++.....               v - ring of Miracles {rElec MR+ MP+9 Stlth+}
                                k - ring of see invisible

@: very slow, very resistant to hostile enchantments, quite stealthy
A: big wings, horns 1, talons 1, camouflage 1, berserk 1, clarity, deformed
body, negative energy resistance 1, robust 1, screaming 1, electricity
resistance, strong 1, unbreathing, petrification resistance, rot immunity, AC +9
a: Fly, Bend Time, Temporal Distortion, Slouch, Step From Time, Renounce
Religion


You were on level 15 of the Dungeon.
You worshipped Cheibriados.
Cheibriados was exalted by your worship.
You were full.

You visited 2 branches of the dungeon, and saw 16 of its levels.
You also visited: Labyrinth, Sewer, Ossuary and Bailey.

You collected 1001 gold pieces.
You spent 252 gold pieces at shops.

Inventory:

Hand weapons
 E - the +10 halberd of the Ecumenical Temple {flame, MR+ Int+2 Dex+2}
   (You found it on level 7 of the Dungeon)

   It has been specially enchanted to burn those struck by it, causing extra
   injury to most foes and up to half again as much damage against particularly
   susceptible opponents.
   Big, fiery blades are also staple armaments of hydra-hunters.
   It affects your intelligence (+2).
   It affects your dexterity (+2).
   It affects your resistance to hostile enchantments.
 F - a +0 arbalest
Missiles
 A - a throwing net (quivered)
 G - 269 bolts
Armour
 c - a +2 pair of boots of stealth (worn)
 e - a +1 buckler (worn)
 g - a +2 cloak (worn)
 m - a +0 pair of gloves (worn)
 r - the +5 scale mail of the Armoured One (worn) {rElec Int+4}
   (You found it on level 13 of the Dungeon)

   It affects your intelligence (+4).
   It insulates you from electricity.
 C - a +2 robe of the Archmagi
Magical staves
 w - an uncursed staff of wizardry
Jewellery
 k - a ring of see invisible (left hand)
 o - an uncursed ring of protection from cold
 u - a +2 ring of evasion
 v - the ring of Miracles (right hand) {rElec MR+ MP+9 Stlth+}
   (You took it off a minotaur in a labyrinth)

   [ring of protection from magic]

   It insulates you from electricity.
   It affects your resistance to hostile enchantments.
   It affects your magic capacity (+9).
   It makes you more stealthy.
 x - an uncursed ring of teleportation
Magical devices
 d - a wand of fireball (7)
 n - a wand of magic darts (30)
 H - a wand of invisibility (2)
 M - a wand of disintegration (6)
Scrolls
 a - 2 scrolls of enchant armour
 h - 2 scrolls of teleportation
 i - 2 scrolls of magic mapping
 j - 11 scrolls of remove curse
 t - 5 scrolls of amnesia
 B - a scroll of fog
 I - 2 scrolls of fear
 K - 4 scrolls of enchant weapon
 O - 3 scrolls of identify
Potions
 f - 4 potions of flight
 p - 3 potions of magic
 q - a potion of heal wounds
 z - 2 potions of brilliance
 D - a potion of lignification
 T - 2 potions of resistance
Books
 y - a book of Air

   Spells                             Type                      Level
   a - Shock                          Conjuration/Air              1
   b - Swiftness                      Charms/Air                   2
   c - Repel Missiles                 Charms/Air                   2
   d - Flight                         Charms/Air                   3
   e - Static Discharge               Conjuration/Air              3
   f - Lightning Bolt                 Conjuration/Air              5
 N - a book of Frost

   Spells                             Type                      Level
   a - Freeze                         Ice                          1
   b - Throw Frost                    Conjuration/Ice              2
   c - Ozocubu's Armour               Charms/Ice                   3
   d - Throw Icicle                   Conjuration/Ice              4
   e - Summon Ice Beast               Ice/Summoning                4
   f - Condensation Shield            Ice                          4
 P - a book of Party Tricks

   Spells                             Type                      Level
   a - Summon Butterflies             Summoning                    1
   b - Apportation                    Translocation                1
   c - Tukima's Dance                 Hexes                        3
   d - Alistair's Intoxication        Transmutation/Poison         4
   e - Invisibility                   Hexes                        6
 Q - a book of Battle

   Spells                             Type                      Level
   a - Infusion                       Charms                       1
   b - Shroud of Golubria             Charms/Translocation         2
   c - Song of Slaying                Charms                       2
   d - Spectral Weapon                Hexes/Charms                 3
   e - Regeneration                   Charms/Necromancy            3
 S - a book of Cantrips

   Spells                             Type                      Level
   a - Corona                         Hexes                        1
   b - Animate Skeleton               Necromancy                   1
   c - Summon Small Mammal            Summoning                    1
   d - Apportation                    Translocation                1
Miscellaneous
 L - a fan of gales
Comestibles
 b - 9 bread rations
 l - 20 royal jellies
 s - 4 meat rations


   Skills:
 - Level 7.8 Fighting
 - Level 4.9 Armour
 - Level 6.2 Dodging
 - Level 2.1 Stealth
 - Level 20.0 Shields
 * Level 12.0 Unarmed Combat
 + Level 5.2 Spellcasting
 + Level 9.0 Invocations


You had 14 spell levels left.
You knew the following spells:

 Your Spells              Type           Power        Failure   Level  Hunger
a - Repel Missiles        Chrm/Air       #.....       14%         2    None
b - Shroud of Golubria    Chrm/Tloc      #.........   14%         2    None
c - Song of Slaying       Chrm           #.......     14%         2    None
d - Regeneration          Chrm/Necr      #.........   28%         3    None


Dungeon Overview and Level Annotations

Branches:
Dungeon (15/15)            Temple (1/1) D:6            Lair (0/8) D:10
    Orc (0/4) D:10         Vaults (0/5) D:14         Depths (0/5) D:15

Altars:
Ashenzari
Cheibriados
Dithmenos
Elyvilon
Fedhas
Gozag
Kikubaaqudgha
Makhleb
Nemelex Xobeh
Okawaru
Qazlal
Ru
Sif Muna
Trog
Vehumet
Xom
Yredelemnul
Zin
The Shining One

Shops:
D:5 :   D:11 *


Innate Abilities, Weirdness & Mutations

You are resistant to torment.
Your stone body is resilient (AC +9).
You are immune to poison.
Your large and strong wings let you fly indefinitely.
You resist negative energy.
You are resistant to electric shocks.
You can survive without breathing.
You are immune to petrification.
You are immune to rotting.
You have a pair of small horns on your head.
You have sharp toenails.
Your skin changes colour to match your surroundings (Stealth).
You tend to lose your temper in combat.
You possess an exceptional clarity of mind.
Armour fits poorly on your strangely shaped body.
You are robust (+10% HP).
You occasionally shout uncontrollably at your foes.
Your muscles are strong. (Str +2)


Message History

The giant frog is heavily wounded.
You block the giant frog's attack.
You pummel the giant frog!!
You kill the giant frog!
Cheibriados thoroughly appreciates the change of pace.
A wyvern comes into view.
HP restored.
Found a leather armour.
No target in view!
A fire giant comes into view.
It is wielding a great sword of flaming.
The fire giant shouts!
Found a staircase to the Depths.
The fire giant points at you and mumbles some strange words.
The bolt of fire misses you. The fire giant casts a spell at you.
The fireball explodes!
The fireball engulfs you! The fire giant casts a spell at you.
The fireball explodes!
The fireball engulfs you!
Ouch! That really hurt!
You die...

..##.............#
............###).#...
≈.≈..........###..###.
#≈≈...........##...##.
≈≈§§≈#.....#..#††..#.###
§.≈.≈§≈≈...........#....
....§§≈....#####.#.####.
≈§.>.C§.≈....#....#..# #.
≈....l.≈@.#.....##...###.
≈§.≈.≈≈≈≈...#..###.#..##.
≈§≈§≈#....###.#....#..##
§§#≈≈.....# #.......#.[.
≈.≈.≈.....# #........###
........## #........#
......## #........#
###### #........#
##......##


You could see a fire giant and a wyvern.

Vanquished Creatures
  A minotaur (Lab)
  2 hydras
  3 centaur warriors
  A death yak (D:10)
  A tengu warrior (D:15)
  Sonja (D:10)
  5 skeletal warriors (D:14)
  2 unseen horrors (D:15)
  5 hill giants
  A wolf spider zombie (D:14)
  An orc knight (Bailey)
  2 manticores
  A wolf spider (D:15)
  3 cyclopes
  An elephant (D:10)
  Joseph (D:9)
  A gargoyle (D:11)
  A yaktaur (shapeshifter) (D:14)
  A kobold demonologist (D:11)
  4 trolls
  A queen bee (D:14)
  3 two-headed ogres
  4 ravens (D:15)
  4 slime creatures
  A trapdoor spider (D:12)
  A wraith (D:12)
  2 wyverns
  Sigmund (D:6)
  A shadow (D:11)
  5 deep elf magi
  22 yaks
  2 hungry ghosts
  3 wargs (D:10)
  A steam dragon (D:10)
  10 vampire mosquitoes
  A soldier ant (D:10)
  2 water moccasins
  3 ice beasts
  An ice beast (shapeshifter) (D:13)
  18 orc warriors
  2 black bears
  2 phantoms (D:7)
  4 sky beasts
  An eye of draining (D:13)
  5 ogres
  2 necrophages
  14 centaurs
  A crocodile (D:10)
  11 giant frogs
  2 scorpions
  32 killer bees
  12 wights
  9 crimson imps
  A quasit (D:11)
  2 goliath beetles (D:10)
  2 human zombies (Ossuary)
  5 centaur zombies
  2 jellies
  Crazy Yiuf (D:3)
  5 centaur skeletons
  6 hounds
  A giant frog skeleton (D:8)
  A giant frog zombie (D:10)
  6 orc priests
  Terence (D:3)
  A gnoll shaman (D:6)
  An iguana (D:5)
  10 worker ants
  9 orc wizards
  A killer bee zombie (D:7)
  2 big kobold zombies (Ossuary)
  5 sheep
  2 mummies (Ossuary)
  12 gnolls
  13 adders
  4 shadow imps
  11 oozes
  An adder zombie (Ossuary)
  3 worms
  21 giant geckos
  54 orcs
  13 ball pythons
  2 bat skeletons (D:6)
  22 giant cockroaches
  11 goblins
  14 hobgoblins
  25 jackals
  10 kobolds
  3 quokkas
  18 bats
  7 giant newts
  3 giant spores
  A goblin zombie (Ossuary)
  12 hobgoblin zombies (Ossuary)
  A jackal skeleton (D:4)
  A jackal zombie (Ossuary)
  8 kobold zombies (Ossuary)
  6 orc zombies (Ossuary)
  10 rats
  2 rat zombies (Ossuary)
  10 ballistomycetes
  2 fungi (D:3)
585 creatures vanquished.

Vanquished Creatures (others)
  An air elemental (D:13)
  A worker ant (D:5)
  A giant spore (D:12)
  A plant (D:10)
4 creatures vanquished.

Grand Total: 589 creatures vanquished

Notes
Turn   | Place    | Note
--------------------------------------------------------------
     0 | D:1      | inmateoo, the Gargoyle Monk, began the quest for the Orb.
     0 | D:1      | Reached XP level 1. HP: 14/14 MP: 1/1
   405 | D:1      | Reached XP level 2. HP: 19/19 MP: 2/2
   576 | D:1      | Reached skill level 1 in Shields
   809 | D:1      | Reached XP level 3. HP: 16/23 MP: 3/3
  1204 | D:2      | Reached XP level 4. HP: 22/29 MP: 4/4
  1746 | D:3      | Reached XP level 5. HP: 30/33 MP: 5/5
  2302 | D:3      | Noticed Terence
  2323 | D:3      | Killed Terence
  2585 | D:3      | Noticed Crazy Yiuf
  2606 | D:3      | Killed Crazy Yiuf
  2693 | D:3      | Reached XP level 6. HP: 12/39 MP: 6/6
  3009 | D:4      | Reached skill level 5 in Unarmed Combat
  3055 | D:4      | Found a bloodstained altar of Trog.
  3217 | D:4      | Found a sand-covered staircase.
  3315 | Ossuary  | Entered an ossuary
  3638 | Ossuary  | HP: 1/39 [mummy (9)]
  3999 | Ossuary  | Reached XP level 7. HP: 25/44 MP: 7/7
  4356 | Ossuary  | Reached skill level 5 in Fighting
  4721 | D:5      | Entered Level 5 of the Dungeon
  4862 | D:5      | Found a glowing drain.
  4903 | Sewer    | Entered a sewer
  5377 | Sewer    | Reached skill level 6 in Unarmed Combat
  5377 | Sewer    | Reached XP level 8. HP: 42/50 MP: 8/8
  5545 | D:5      | Found Giyfead's Book Shoppe.
  5677 | D:5      | Reached skill level 5 in Shields
  5999 | D:6      | Found a staircase to the Ecumenical Temple.
  6015 | Temple   | Entered the Ecumenical Temple
  6028 | Temple   | Became a worshipper of Cheibriados the Contemplative
  6028 | Temple   | Acquired Cheibriados's first power
  6122 | D:6      | Found a sacrificial altar of Ru.
  6460 | D:6      | Reached skill level 1 in Armour
  6487 | D:6      | Noticed Sigmund
  6499 | D:6      | Killed Sigmund
  6928 | D:7      | Reached skill level 5 in Dodging
  6946 | D:7      | Gained mutation: You possess an exceptional clarity of mind. [mutagenic meat]
  7007 | D:7      | Reached XP level 9. HP: 54/56 MP: 9/9
  7034 | D:7      | Found a flagged portal.
  7073 | D:7      | Got a faintly glowing halberd
  7089 | D:7      | Identified the +10 halberd of the Ecumenical Temple {flame, MR+ Int+2 Dex+2} (You found it on level 7 of the Dungeon)
  7098 | Bailey   | Entered a bailey
  7164 | Bailey   | Reached skill level 7 in Unarmed Combat
  7182 | Bailey   | Acquired Cheibriados's second power
  8520 | Bailey   | Identified a scroll of acquirement
  8533 | Bailey   | Noticed an orc knight
  8543 | Bailey   | Killed an orc knight
  8543 | Bailey   | Reached XP level 10. HP: 26/63 MP: 10/10
  8875 | D:7      | Got a crude scale mail
  8889 | D:7      | Reached skill level 8 in Unarmed Combat
  8900 | D:7      | Identified the +1 scale mail of Reason {rN+ Dex+3} (You found it on level 7 of the Dungeon)
  8984 | D:7      | Acquired Cheibriados's third power
  9139 | D:7      | Found a shadowy altar of Dithmenos.
  9901 | D:8      | Acquired Cheibriados's fourth power
 10044 | D:8      | Reached skill level 9 in Shields
 10394 | D:8      | Reached skill level 10 in Shields
 10635 | D:9      | Gained mutation: You occasionally shout uncontrollably at your foes. [potion of mutation]
 10635 | D:9      | Gained mutation: You have sharp toenails. [potion of mutation]
 10635 | D:9      | Gained mutation: You tend to lose your temper in combat. [potion of mutation]
 10673 | D:9      | Reached skill level 11 in Shields
 10705 | D:9      | Noticed Joseph
 10727 | D:9      | Killed Joseph
 10727 | D:9      | Reached skill level 12 in Shields
 10727 | D:9      | Reached skill level 1 in Invocations
 11083 | D:9      | Reached skill level 13 in Shields
 11090 | D:9      | Reached XP level 11. HP: 43/68 MP: 11/13
 11135 | D:9      | Gained mutation: You are robust (+10% HP). [mutagenic meat]
 11136 | D:9      | Gained mutation: You have a pair of small horns on your head. [mutagenic meat]
 11138 | D:9      | Gained mutation: Your muscles are strong. (Str +2) [mutagenic meat]
 11227 | D:9      | Found a white marble altar of Elyvilon.
 11256 | D:9      | Reached skill level 14 in Shields
 11539 | D:10     | Entered Level 10 of the Dungeon
 11573 | D:10     | Noticed Sonja
 11690 | D:10     | Noticed a hill giant
 11696 | D:10     | Killed a hill giant
 11715 | D:10     | Noticed a death yak
 11727 | D:10     | Killed a death yak
 11727 | D:10     | Reached skill level 15 in Shields
 11727 | D:10     | Reached skill level 5 in Invocations
 11977 | D:10     | Found a staircase to the Orcish Mines.
 12038 | D:10     | Found a staircase to the Lair.
 12093 | D:10     | Gained mutation: Your skin changes colour to match your surroundings (Stealth). [mutagenic meat]
 12096 | D:10     | Gained mutation: Armour fits poorly on your strangely shaped body. [mutagenic meat]
 12138 | D:10     | Reached skill level 16 in Shields
 12271 | D:10     | Noticed a hill giant
 12280 | D:10     | Killed a hill giant
 12396 | D:10     | Killed Sonja
 12457 | D:10     | Reached XP level 12. HP: 69/80 MP: 15/17
 12462 | D:10     | Reached skill level 17 in Shields
 12656 | D:10     | Learned a level 2 spell: Repel Missiles
 13064 | D:11     | Learned a level 2 spell: Shroud of Golubria
 13067 | D:11     | Learned a level 2 spell: Song of Slaying
 13071 | D:11     | Learned a level 3 spell: Regeneration
 13247 | D:11     | Found Wucryfic's General Store.
 13250 | D:11     | Bought a wand of disintegration (10) for 252 gold pieces
 13493 | D:12     | Found a labyrinth entrance.
 13579 | D:12     | Reached skill level 18 in Shields
 13589 | Lab      | Entered a labyrinth
 14131 | Lab      | Noticed a minotaur
 14143 | Lab      | Killed a minotaur
 14145 | Lab      | Got a pitted copper ring
 14150 | Lab      | Identified the ring of Miracles {rElec MR+ MP+9 Stlth+} (You took it off a minotaur in a labyrinth)
 14212 | D:11     | Reached skill level 1 in Spellcasting
 14868 | D:12     | Got a scorched granite ring
 15257 | D:12     | Reached skill level 10 in Unarmed Combat
 15420 | D:13     | Identified the ring of Cojistant {+/*Tele rElec Str+3} (You took it off a centaur on level 12 of the Dungeon)
 15537 | D:13     | Noticed a five-headed hydra
 15548 | D:13     | Killed a five-headed hydra
 15548 | D:13     | Reached skill level 19 in Shields
 15592 | D:13     | Reached XP level 13. HP: 74/85 MP: 18/18
 15619 | D:13     | Noticed a centaur warrior
 15636 | D:13     | Killed a centaur warrior
 15848 | D:13     | Got a shimmering scale mail
 15859 | D:13     | Identified the +5 scale mail of the Armoured One {rElec Int+4} (You found it on level 13 of the Dungeon)
 16236 | D:14     | Found a blossoming altar of Fedhas.
 16958 | D:14     | Found a gate to the Vaults.
 17400 | D:15     | Entered Level 15 of the Dungeon
 17419 | D:15     | Reached skill level 20 in Shields
 17466 | D:15     | Reached skill level 5 in Spellcasting
 17548 | D:15     | Gained mutation: Your large and strong wings let you fly indefinitely. [Gargoyle growth]
 17548 | D:15     | Reached XP level 14. HP: 87/91 MP: 21/21
 17644 | D:15     | Found a staircase to the Depths.
 17644 | D:15     | Noticed a fire giant
 17646 | D:15     | Killed from afar by a fire giant

Action                   |  1- 3 |  4- 6 |  7- 9 | 10-12 | 13-15 || total
-------------------------+-------+-------+-------+-------+-------++-------
Melee: Unarmed           |   179 |   502 |   653 |   994 |   333 ||  2661
       Halberd           |       |       |    34 |    12 |       ||    46
 Fire: Arbalest          |       |       |    36 |    34 |       ||    70
Throw: Throwing net      |       |       |     1 |       |       ||     1
 Cast: Song of Slaying   |       |       |       |     3 |     3 ||     6
       Repel Missiles    |       |       |       |     2 |     1 ||     3
       Shroud of Golubri |       |       |       |     1 |     3 ||     4
Invok: Slouch            |       |       |       |       |     4 ||     4
Evoke: Wand              |       |       |       |     9 |       ||     9
       Fan of gales      |       |       |       |     1 |       ||     1
  Use: Potion            |       |     4 |     7 |     5 |       ||    16
       Scroll            |       |     4 |    14 |    14 |     1 ||    33
 Stab: Sleeping          |     2 |     5 |     8 |     4 |     6 ||    25
       Invisible         |       |       |     3 |     1 |       ||     4
       Distracted        |       |       |       |     1 |     3 ||     4
  Eat: Chunk             |     1 |     8 |    10 |    21 |     2 ||    42
       Bread ration      |       |       |     1 |       |       ||     1
       Fruit             |       |       |       |     1 |     9 ||    10
       Pizza             |       |       |       |     1 |       ||     1
       Beef jerky        |       |       |       |     1 |       ||     1
